 Dungeon Crawl Stone Soup version 0.28.0-1-gb440e238dd (webtiles) character file.

Game seed: 8593351804582465893

17042 browni3141 the Cleaver (level 12, 0/115 HPs)
             Began as a Minotaur Fighter on Feb 19, 2022.
             Was a High Priest of the Shining One.
             Slain by a reaper (3 damage)
             ... in an ice cave.
             The game lasted 00:22:18 (10718 turns).

browni3141 the Cleaver (Minotaur Fighter)          Turns: 10718, Time: 00:22:18

Health: 0/115      AC: 23    Str: 24 (25) XL:     12   Next: 15%
Magic:  2/14       EV:  5    Int:  4 (5)  God:    the Shining One [*****.]
Gold:   925        SH:  0    Dex:  8 (11) Spells: 11/11 levels left

rFire   x . .      SeeInvis .   v - +5 battleaxe
rCold   + . .      Faith    .   (shield currently unavailable)
rNeg    + + .      Spirit   .   S - +0 crystal plate armour
rPois   .          Reflect  .   N - +1 hat
rElec   .          Harm     .   m - +0 cloak
rCorr   .          Rampage  .   (no gloves)
Will    .....                   (no boots)
Stlth   ..........              g - amulet of regeneration
HPRegen 1.09/turn               Y - +4 ring of slaying
MPRegen 0.14/turn               C - ring of ice

@: glowing
A: horns 2, retaliatory headbutt
a: Renounce Religion, Divine Shield, Cleansing Flame, Summon Divine Warrior


You were in an ice cave.
You worshipped the Shining One.
The Shining One was extremely pleased with you.
You visited 2 branches of the dungeon, and saw 13 of its levels.
You also visited: Bailey and Ice Cave.

You collected 925 gold pieces.


Innate Abilities, Weirdness & Mutations

You have a pair of horns on your head.
You reflexively headbutt those who attack you in melee.


   Skills:
 - Level 13.1 Fighting
 - Level 14.0 Axes
 - Level 5.0 Throwing
 * Level 11.3 Armour
 - Level 6.5 Shields
 * Level 5.2 Invocations


You had 11 spell levels left.
You didn't know any spells.
Your spell library contained the following spells:

 Spells                   Type           Power      Damage    Failure   Level
 Animate Skeleton         Necr           0%         N/A       100%        1
 Apportation              Tloc           0%         N/A       100%        1
 Magic Dart               Conj           0%         1d3       100%        1
 Summon Small Mammal      Summ           0%         N/A       100%        1
 Call Imp                 Summ           0%         N/A       100%        2
 Corpse Rot               Necr/Air       0%         N/A       100%        2
 Poisonous Vapours        Pois/Air       0%         N/A       100%        2
 Call Canine Familiar     Summ           0%         N/A       100%        3
 Mephitic Cloud           Conj/Pois/Air  0%         N/A       100%        3
 Summon Guardian Golem    Hex/Summ       0%         N/A       100%        3
 Alistair's Intoxication  Tmut/Pois      0%         N/A       100%        5
 Borgnjor's Revivificati  Necr           0%         N/A       100%        8
 Necromutation            Tmut/Necr      0%         N/A       100%        8

Inventory:

Hand Weapons
 v - a +5 battleaxe (weapon)
Missiles
 y - 7 javelins (quivered)
 F - a throwing net
 P - a curare-tipped dart {@f4}
 U - 2 poisoned darts {@f3}
Armour
 b - a +0 scale mail
 c - a +0 buckler
 m - a +0 cloak (worn)
 N - a +1 hat (worn)
 S - a +0 crystal plate armour (worn)
Magical Staves
 J - a staff of poison {@f3}
Jewellery
 g - an amulet of regeneration (around neck)
 C - a ring of ice (right hand)
 Y - a +4 ring of slaying (left hand)
Wands
 w - a wand of charming (6)
 H - a wand of paralysis (22)
 I - a wand of mindburst (23)
 O - a wand of flame (10)
 T - a wand of iceblast (13)
 Z - a wand of digging (4)
Scrolls
 e - 4 scrolls of fear {unknown}
 f - 3 scrolls of enchant weapon
 h - a scroll of magic mapping {unknown}
 j - 3 scrolls of teleportation {@r4}
 l - 2 scrolls of blinking {unknown}
 n - a scroll of vulnerability {!r}
 o - 5 scrolls of enchant armour
 q - 2 scrolls of amnesia
 r - 3 scrolls of noise {unknown}
 D - a scroll of brand weapon
 E - a scroll of summoning
 G - a scroll of acquirement
 L - 2 scrolls of immolation {unknown}
 M - a scroll of fog {unknown}
Potions
 a - a potion of flight {unknown}
 d - 4 potions of might
 i - 5 potions of mutation {unknown}
 k - 5 potions of curing {unknown}
 p - a potion of cancellation {unknown}
 s - 2 potions of brilliance {unknown}
 t - 3 potions of degeneration {!q}
 u - a potion of resistance {unknown}
 x - 3 potions of heal wounds {unknown}
 z - 7 potions of haste {unknown}
 A - a potion of magic {unknown}
 B - a potion of invisibility {unknown}
 K - a potion of lignification {unknown}
 Q - 3 potions of attraction {unknown}
 R - a potion of berserk rage {unknown}
 X - a potion of experience {unknown}
Miscellaneous
 V - a box of beasts (inert)
 W - a phial of floods (inert)

Dungeon Overview and Level Annotations

Branches:
Dungeon (12/15)            Temple (1/1) D:6            Lair (0/6) D:8
    Orc (0/2) D:10         Bailey (visited)           IceCv (1/1)

Altars:
Ashenzari
Cheibriados
Dithmenos
Elyvilon
Fedhas
Gozag
Hepliaklqana
Kikubaaqudgha
Makhleb
Nemelex Xobeh
Okawaru
Qazlal
Ru
Sif Muna
Trog
Uskayaw
Vehumet
Wu Jian
Xom
Yredelemnul
Zin
The Shining One

Shops:
D:5 [   D:8 :   D:12 (

Portals:
Trove: D:11 (give +6 fire dragon scales)

Annotations:
D:10 exclusion: downstairs IceCv exclusion: ice statue

#########################
#..#.≈≈≈≈#.#.#.##..#....##
#.∩.#≈≈≈≈.#...#.#.#.#....##
##..##≈≈##..###..###.##...##
#.∩.####..#######≈≈≈≈###..#
#...# ##...#####≈≈≈≈≈##..#
#...## ###2.##..###≈≈###..
##...# #@A#......##≈#...#
#...## ###.#####..####.2#
##..# #....#....####.. ##.##
########.###..# ##.
#####..####.#....####...##
##
#[#.##..##.....#..#####..###
##.#.##..##..####..# ###..##
#.#..#....##..###..# ##..#
##.##.#..###..##...## ##..


You could see a reaper (ally target) and a friendly daeva (summoned).


Message History

The floor.
Unknown command.
It was a potion of degeneration.
There was something very wrong with that liquid.
You feel weakened.
You feel dopey.
You feel clumsy.
The reaper hits you with a +0 scythe of freezing!!
* * * LOW HITPOINT WARNING * * *
The reaper freezes you.
* * * LOW HITPOINT WARNING * * *
Your daeva calls down the wrath of the Shining One upon the reaper.
The reaper is smitten.
Press: ? - help, v - describe, . - travel
Here: a reaper, wielding a +0 scythe of freezing (heavily wounded, ally target, haloed)
The floor.
Unknown command.
As you read the scroll of summoning, it crumbles to dust.
Wisps of shadow whirl around you...
The shadows disperse without effect.
The reaper completely misses you.
Your daeva calls down the wrath of the Shining One upon the reaper.
The reaper is smitten.
Press: ? - help, v - describe, . - travel
Here: a reaper, wielding a +0 scythe of freezing (severely wounded, ally target, haloed)
The floor.
You barely miss the reaper.
You headbutt the reaper, but do no damage.
The reaper is severely wounded.
The reaper hits you with a +0 scythe of freezing!!
* * * LOW HITPOINT WARNING * * *
The reaper freezes you.
You die...

Skill      XL: |  1  2  3  4  5  6  7  8  9 10 11 12 |
---------------+-------------------------------------+-----
Fighting       | 4 5 7 9 11 12 13 | 13.1
Axes           | 3 4 6 8 10 12 14 | 14.0
Armour         | 4 5 6 8 9 11 | 11.3
Shields        | 4 5 6 |  6.5
Throwing       | 4 5 |  5.0
Invocations    | 4 5 |  5.2

Action                   |  1- 3 |  4- 6 |  7- 9 | 10-12 || total
-------------------------+-------+-------+-------+-------++-------
Melee: War axe           |    54 |   160 |    83 |       ||   297
       Headbutt          |     5 |    19 |    26 |    61 ||   111
       Battleaxe         |       |       |    88 |   297 ||   385
Throw: Throwing net      |       |     1 |       |     1 ||     2
       Javelin           |       |     5 |     8 |    14 ||    27
Invok: Cleansing Flame   |       |       |       |     1 ||     1
       Summon Divine War |       |       |       |     1 ||     1
Evoke: Wand              |       |       |     5 |       ||     5
       Box of beasts     |       |       |       |     1 ||     1
       Phial of floods   |       |       |       |     1 ||     1
  Use: Scroll            |       |       |     4 |     3 ||     7
       Potion            |       |       |     1 |     1 ||     2
 Stab: Held in net/web   |       |     1 |       |       ||     1
Armor: Scale mail        |    23 |    68 |   111 |       ||   202
       Crystal plate arm |       |       |    16 |   295 ||   311
Dodge: Dodged            |    41 |    76 |   130 |    85 ||   332
Block: Buckler           |    16 |    42 |    23 |       ||    81

Levels and vault maps discovered:
D:1:      dpeg_arrival_morbid_curiosity, layout_rooms,
          nicolae_ecumenical_lake_church, hex_tiny, minmay_misc_feat_tower,
          minmay_close_crescents
D:2:      layout_rooms
D:3:      kennysheep_big_flooded_room, layout_rooms, marbit_many_paths,
          minmay_misc_feat_x, guppyfry_early_orc_mine
D:4:      layout_loops_cross, mainiacjoe_overflow_24_doors,
          general_overflow_altar, grunt_gozag_breadcrumbs, trog_hazing_becter
D:5:      layout_basic, mainiacjoe_overflow_paths, nicolae_inconvenience_store,
          uniq_pikel
D:6:      layout_basic, minmay_temple_entry_gardened_gates, uniq_prince_ribbit1
D:7:      layout_gridville, enter_bailey_3
D:8:      layout_basic, lair_entry_dummy, serial_shops, nicolae_shop_trees,
          the_hattery
D:9:      layout_cross, kennysheep_donut
D:10:     layout_gridville, erik_orc_4, minmay_statue_bubble, uniq_erolcha
D:11:     layout_rooms, serial_bayou, serial_bayou_pond_a,
          serial_bayou_crossing, serial_bayou_lagoon_b, serial_bayou_ford_a,
          serial_bayou_pond_a, nicolae_trove_entry_path_of_doom,
          chequers_serial_rivers_small_3, uniq_erica
D:12:     layout_irregular_city, portal_ice_cave_rime, serial_shops,
          nicolae_stop_n_shop_2, uniq_fannar
Temple:   regret_index_temple_sphere_string
IceCv:    ice_cave_caverns_02

Notes
Turn   | Place    | Note
-------+----------+-------------------------------------------
     0 | D:1      | browni3141 the Minotaur Fighter began the quest for the
                  | Orb.
     0 | D:1      | Reached XP level 1. HP: 19/19 MP: 0/0
    93 | D:1      | Reached XP level 2. HP: 27/27 MP: 1/1
   119 | D:1      | Reached skill level 4 in Fighting
   140 | D:1      | Reached skill level 3 in Axes
   216 | D:1      | Found a faded altar of an unknown god.
   411 | D:1      | Reached skill level 4 in Armour
   411 | D:1      | Reached XP level 3. HP: 33/33 MP: 2/2
   908 | D:2      | Reached skill level 4 in Shields
   916 | D:2      | Reached XP level 4. HP: 41/41 MP: 3/3
  1387 | D:3      | Reached skill level 4 in Axes
  1554 | D:3      | Reached XP level 5. HP: 43/47 MP: 4/4
  1559 | D:3      | Reached skill level 5 in Fighting
  1784 | D:3      | Found a shadowy altar of Dithmenos.
  2046 | D:4      | Found a bloodstained altar of Trog.
  2169 | D:4      | Found an ancient bone altar of Kikubaaqudgha.
  2211 | D:4      | Found a broken altar of Ashenzari.
  2275 | D:4      | Noticed an ice beast
  2284 | D:4      | Killed an ice beast
  2285 | D:4      | Reached XP level 6. HP: 40/57 MP: 5/5
  2370 | D:4      | Found an opulent altar of Gozag.
  2587 | D:5      | Entered Level 5 of the Dungeon
  2678 | D:5      | Noticed a sky beast
  2691 | D:5      | Killed a sky beast
  2692 | D:5      | Reached skill level 5 in Axes
  2692 | D:5      | Reached skill level 5 in Armour
  2738 | D:5      | Reached skill level 6 in Fighting
  2750 | D:5      | Noticed Pikel
  2806 | D:5      | HP: 5/57 [Pikel (4)]
  2826 | D:5      | Killed Pikel
  2827 | D:5      | Reached skill level 7 in Fighting
  2827 | D:5      | Reached skill level 6 in Axes
  2827 | D:5      | Reached skill level 5 in Shields
  2827 | D:5      | Reached XP level 7. HP: 24/66 MP: 6/6
  2956 | D:5      | Found a radiant altar of Vehumet.
  3016 | D:5      | Reached XP level 8. HP: 66/73 MP: 7/7
  3023 | D:5      | Reached skill level 7 in Axes
  3023 | D:5      | Reached skill level 6 in Armour
  3090 | D:5      | Found Pyjabbod's Antique Armour Shoppe.
  3158 | D:5      | Reached skill level 6 in Shields
  3162 | D:5      | Reached skill level 8 in Fighting
  3700 | D:6      | Reached skill level 8 in Axes
  4051 | D:6      | Found a staircase to the Ecumenical Temple.
  4153 | D:6      | Reached skill level 9 in Fighting
  4153 | D:6      | Reached XP level 9. HP: 70/75 MP: 8/8
  4267 | D:6      | Reached skill level 7 in Armour
  4496 | D:6      | Reached skill level 9 in Axes
  4514 | D:6      | Got Kikubaaqudgha's Reference Book on Darkness
  4655 | D:6      | Noticed Prince Ribbit
  4669 | D:6      | Killed Prince Ribbit
  4818 | D:7      | Found a flagged portal.
  4825 | Bailey   | Entered a bailey
  4878 | Bailey   | Reached skill level 10 in Fighting
  4955 | Bailey   | Noticed an orc knight
  4996 | Bailey   | Identified a +0 crystal plate armour
  5013 | Bailey   | Reached skill level 10 in Axes
  5093 | Bailey   | Killed an orc knight
  5094 | Bailey   | Reached skill level 8 in Armour
  5605 | D:7      | Reached skill level 11 in Fighting
  5605 | D:7      | Reached XP level 10. HP: 80/95 MP: 9/9
  6036 | Temple   | Entered the Ecumenical Temple
  6217 | Temple   | Became a worshipper of the Shining One
  6408 | D:8      | Reached skill level 11 in Axes
  6584 | D:8      | Found Fefelin's Book Boutique.
  6760 | D:8      | Found a staircase to the Lair.
  7254 | D:9      | Reached skill level 9 in Armour
  7308 | D:9      | Reached skill level 12 in Fighting
  7311 | D:9      | Identified the ring of the Hero {rF- Str+6 Dex+10 Slay-6
                  | SInv}
  7369 | D:9      | Reached * piety under the Shining One
  7567 | D:9      | Reached skill level 12 in Axes
  7876 | D:10     | Entered Level 10 of the Dungeon
  7980 | D:10     | Noticed an orange crystal statue
  8007 | D:10     | Reached XP level 11. HP: 78/106 MP: 10/10
  8119 | D:10     | Reached ** piety under the Shining One
  8129 | D:10     | Noticed a two-headed ogre
  8140 | D:10     | Killed a two-headed ogre
  8141 | D:10     | Reached skill level 13 in Fighting
  8240 | D:10     | Found a staircase to the Orcish Mines.
  8563 | D:10     | Noticed Erolcha
  8583 | D:10     | Killed Erolcha
  8584 | D:10     | Reached skill level 13 in Axes
  8584 | D:10     | Reached skill level 1 in Throwing
  8584 | D:10     | Reached skill level 1 in Invocations
  8709 | D:10     | Killed an orange crystal statue
  8710 | D:10     | Reached skill level 2 in Throwing
  8710 | D:10     | Reached skill level 2 in Invocations
  8931 | D:11     | Noticed Erica
  8950 | D:11     | Killed Erica
  8951 | D:11     | Reached skill level 10 in Armour
  9050 | D:11     | Reached skill level 3 in Throwing
  9050 | D:11     | Reached skill level 3 in Invocations
  9092 | D:11     | Found a portal to a secret trove of treasure.
  9860 | D:12     | Found Leqeb's Antique Weapon Shop.
  9879 | D:12     | Noticed a deep elf pyromancer
  9882 | D:12     | Killed a deep elf pyromancer
  9929 | D:12     | Reached *** piety under the Shining One
  9931 | D:12     | Reached skill level 4 in Invocations
  9934 | D:12     | Reached skill level 4 in Throwing
  9944 | D:12     | Found a frozen archway.
  9946 | D:12     | Noticed Fannar
  9955 | D:12     | Killed Fannar
  9957 | D:12     | Reached skill level 14 in Axes
  9957 | D:12     | Reached skill level 11 in Armour
  9957 | D:12     | Reached XP level 12. HP: 81/115 MP: 14/14
  9990 | IceCv    | Entered an ice cave
 10024 | IceCv    | Identified a +0 leather armour of resistance
 10058 | IceCv    | Identified a scroll of acquirement
 10095 | IceCv    | Reached **** piety under the Shining One
 10300 | IceCv    | Reached skill level 5 in Invocations
 10484 | IceCv    | Reached ***** piety under the Shining One
 10492 | IceCv    | Reached skill level 5 in Throwing
 10640 | IceCv    | Noticed a reaper
 10718 | IceCv    | HP: 3/115 [reaper (21)]
 10718 | IceCv    | Slain by a reaper

Vanquished Creatures
  Fannar (D:12)
  Erica (D:11)
  A two-headed ogre (D:10)
  An orange crystal statue (D:10)
  Pikel (D:5)
  A deep elf pyromancer (D:12)
  An orc knight (Bailey)
  A cyclops (D:11)
  A gargoyle (D:12)
  2 rime drakes (D:12)
  2 komodo dragons
  A guardian mummy (D:11)
  An entropy weaver simulacrum (IceCv)
  Prince Ribbit (D:6)
  A wraith (D:11)
  A dire elephant simulacrum (IceCv)
  2 shadows
  A spriggan (D:8)
  A wyvern (D:8)
  12 yaks
  2 death yak simulacra (IceCv)
  8 vampire mosquitoes
  2 steam dragons (D:7)
  2 harpy simulacra (IceCv)
  2 acid dragons (D:10)
  3 water moccasins
  9 orc warriors
  A black bear (D:5)
  A sky beast (D:5)
  3 ice beasts
  2 centaurs
  3 ogres
  2 necrophages
  A phantom (D:5)
  2 kobold brigands (D:9)
  2 bullfrogs
  3 scorpions
  4 two-headed ogre simulacra (IceCv)
  2 cane toad simulacra (IceCv)
  2 gnoll sergeants
  9 wights
  8 electric eels
  4 howler monkeys
  2 lava snakes (D:9)
  3 jellies
  A centaur zombie (D:8)
  3 hounds (D:5)
  9 orc priests
  A bullfrog skeleton (D:2)
  A gnoll shaman (D:7)
  8 orc wizards
  2 polar bear simulacra (IceCv)
  8 troll simulacra (IceCv)
  A spriggan simulacrum (IceCv)
  5 wolf simulacra (IceCv)
  3 howler monkey zombies
  11 gnolls
  A howler monkey skeleton (D:4)
  6 naga simulacra (IceCv)
  7 adders
  8 white imps
  5 ufetubi (IceCv)
  A worm (D:3)
  3 dart slugs
  66 orcs
  8 ball pythons
  4 endoplasms
  5 giant cockroaches
  19 goblins
  11 hobgoblins
  2 jackals (D:4)
  3 quokkas
  7 bats
  6 frilled lizards
  17 kobolds
  10 rats
358 creatures vanquished.

Vanquished Creatures (collateral kills)
  Erolcha (D:10)
  4 orc warriors (Bailey)
  3 orcs (Bailey)
8 creatures vanquished.

Vanquished Creatures (others)
  An orc warrior (Bailey)
  16 plants
17 creatures vanquished.

Grand Total: 383 creatures vanquished

Table legend: (Time is in decaauts)
 A = Elapsed time spent in this place.
 B = Non-inter-level travel time spent in this place.
 C = Inter-level travel time spent in this place.
 D = Time resting spent in this place.
 E = Time spent auto-exploring this place.
 F = Levels seen in this place.
 G = Mean time per level.
                   A        B        C        D        E       F      G
               +--------+--------+--------+--------+--------+-----+--------+
         Total |  10932 |  10337 |    595 |    401 |   7214 |  15 |  728.8 |
       Dungeon |   9598 |   9046 |    552 |    170 |   6716 |  12 |  799.8 |
        Temple |    196 |    153 |     43 |      0 |    136 |   1 |  196.0 |
        Bailey |    401 |    401 |      0 |     60 |     50 |   1 |  401.0 |
      Ice Cave |    736 |    736 |      0 |    171 |    312 |   1 |  736.0 |
               +--------+--------+--------+--------+--------+-----+--------+

Top non-repeatable levels by time:
     D:5: 1186 daAuts
     D:6: 1107 daAuts
    D:11: 1035 daAuts
    D:10: 940 daAuts
     D:8: 910 daAuts
     D:1: 870 daAuts
     D:7: 857 daAuts
   IceCv: 736 daAuts
     D:9: 714 daAuts
     D:4: 705 daAuts
     D:3: 626 daAuts
     D:2: 445 daAuts
  Bailey: 401 daAuts
    D:12: 198 daAuts
  Temple: 196 daAuts

Table legend:
 A = Non-vault XP
 B = Vault XP
 C = Vault XP percentage of total XP
 D = Non-vault monster count
 E = Vault monster count
 F = Vault count percentage of total count
                 A         B        C        D         E       F
            +---------+---------+-------+---------+---------+-------
      Total |   14691 |    9655 |  39.7 |     236 |     130 |  35.5
            +---------+---------+-------+---------+---------+-------
        D:1 |      34 |      17 |  33.3 |      20 |       8 |  28.6
        D:2 |      78 |       0 |   0.0 |      18 |       0 |   0.0
        D:3 |      71 |      23 |  24.5 |      16 |      10 |  38.5
        D:4 |     219 |       9 |   3.9 |      18 |       6 |  25.0
        D:5 |    1373 |     617 |  31.0 |      24 |       1 |   4.0
        D:6 |    1043 |     268 |  20.4 |      18 |       1 |   5.3
        D:7 |     990 |       6 |   0.6 |      14 |       4 |  22.2
        D:8 |    1692 |     211 |  11.1 |      25 |       1 |   3.8
        D:9 |    1257 |       0 |   0.0 |      35 |       0 |   0.0
       D:10 |    3251 |    2018 |  38.3 |      16 |      19 |  54.3
       D:11 |    2609 |    1203 |  31.6 |      25 |       2 |   7.4
       D:12 |    2074 |    1645 |  44.2 |       7 |       3 |  30.0
     Bailey |       0 |    1249 | 100.0 |       0 |      30 | 100.0
      IceCv |       0 |    2389 | 100.0 |       0 |      45 | 100.0
            +---------+---------+-------+---------+---------+-------
